 Dungeon Crawl Stone Soup version 0.26.0-7-g794d0892b4 (webtiles) character file.

Game seed: 6087679515952941560

1913 ragingrage the Skirmisher (level 8, 0/73 HPs)
             Began as a Demigod Wanderer on Jan 12, 2021.
             Succumbed to a killer bee's poison
             ... on level 7 of the Dungeon.
             The game lasted 00:11:08 (6714 turns).

ragingrage the Skirmisher (Demigod Wanderer)        Turns: 6714, Time: 00:11:09

Health: 0/73       AC: 14    Str: 19    XL:     8   Next: 63%
Magic:  19/19      EV:  9    Int: 14    God:
Gold:   333        SH:  0    Dex: 15    Spells: 7/7 levels left

rFire    . . .     SeeInvis .   a - +2 dagger (flame)
rCold    + . .     Faith    .   (no shield)
rNeg     . . .     Spirit   .   j - +3 scale mail
rPois    .         Reflect  .   q - +0 helmet
rElec    .         Harm     .   z - scarf {+Inv}
rCorr    .         Rampage  .   (no gloves)
Will     .....                  u - +0 pair of boots
Stlth    +.........             g - amulet of regeneration
HPRegen  0.62/turn              s - ring of protection from cold
MPRegen  0.16/turn              e - ring of magical power

@: lethally poisoned (0 -> -5), attractive, very slightly contaminated
A: thin metallic scales 1, dopey 1, high mp 1, no potion heal 1
a: Evoke Invisibility


You were on level 7 of the Dungeon.
You visited 1 branch of the dungeon, and saw 7 of its levels.

You collected 333 gold pieces.

Inventory:

Hand Weapons
 a - a +2 dagger of flaming (weapon)
 b - a +0 vampiric war axe
Missiles
 f - a curare-tipped dart
 k - 13 poisoned darts (quivered)
 p - 5 javelins
Armour
 j - a +3 scale mail (worn)
 q - a +0 helmet (worn)
 u - a +0 pair of boots (worn)
 z - a scarf of invisibility (worn)
Jewellery
 e - a ring of magical power (right hand)
 g - an amulet of regeneration (around neck)
 h - an uncursed ring of positive energy
 s - a ring of protection from cold (left hand)
Wands
 i - a wand of random effects (19)
 o - a wand of polymorph (6)
 B - a wand of iceblast (6)
Scrolls
 d - 2 scrolls of teleportation
 l - a scroll of magic mapping
 m - 3 scrolls of remove curse
 r - 5 scrolls of identify
 v - a scroll of amnesia
 x - 3 scrolls of enchant armour
 y - a scroll of blinking
Potions
 n - 2 potions of berserk rage
 C - a potion of heal wounds {unknown}


   Skills:
 + Level 7.3 Fighting
 * Level 3.3 Axes
 - Level 1.0 Staves
 - Level 6.3 Throwing
 - Level 4.5 Armour
 - Level 1.7 Stealth
 - Level 1.0 Unarmed Combat


You had 7 spell levels left.
You didn't know any spells.
Your spell library was empty.

Dungeon Overview and Level Annotations

Branches:
Dungeon (7/15)             Temple (0/1) D:7

Shops:
D:5 }

Annotations:
D:3 2 runed translucent doors, ragingrage's ghost, amateur DgWn
D:6 exclusion: downstairs


Innate Abilities, Weirdness & Mutations

You have an increased reservoir of magic. (+10% MP)
You are partially covered in thin metallic scales. (AC +2)
You are dopey. (Int -2)
Potions are less effective at restoring your health.


Message History

You are more poisoned.
The killer bee poisons you! The goblin hits you but does no damage.
You completely miss the killer bee.
The killer bee is heavily wounded.
You feel sick. The killer bee stings you.
* * * LOW HITPOINT WARNING * * *
The killer bee barely misses you. The goblin hits you but does no damage.
It was a potion of attraction.
You feel attractive to monsters.
* * * LOW HITPOINT WARNING * * *
You feel sick.
The killer bee stings you but does no damage.
The killer bee stings you.
* * * LOW HITPOINT WARNING * * *
The goblin hits you but does no damage.
It was a potion of mutation.
You feel extremely strange.
Your system partially rejects the healing effects of potions.
You feel stupid.
Thin metallic scales grow over part of your body.
You die...

,,*,**.#######..#####.#
,,*,,,..........# #.#
,,*,,...........# #.#
*,#,............# #.#
#.#............### #.#
.................####.#
#.#.............g.....#
..............##y######
.o..o.........##@#
..............##)#
###...........##.# #
*,.........y##.# #
*,,.........##.#** #
*,,,.......y##..,* #
*,**###.........,* #
*,* *,≈≈≈≈≈≈≈.,* # *,*
*,≈**,*#≈.#*


You could see a killer bee and a goblin.

Vanquished Creatures
  A water moccasin (D:6)
  A swamp drake (D:4)
  An orc warrior (D:6)
  2 phantoms
  2 sky beasts
  2 ogres
  3 centaurs
  A bullfrog (D:6)
  3 killer bees (D:7)
  A howler monkey (D:6)
  2 vampire bats (D:5)
  A centaur zombie (D:7)
  A hound (D:5)
  3 orc priests
  Natasha (twice) (D:3)
  2 orc wizards
  2 worker ants
  Robin (D:3)
  A worker ant zombie (D:6)
  8 adders
  A shadow imp (D:6)
  2 ufetubi
  An ooze (D:2)
  2 dart slugs
  5 leopard geckos
  15 orcs
  9 bats
  5 bat skeletons (D:5)
  A bat zombie (D:5)
  6 giant cockroaches
  16 goblins
  10 hobgoblins
  3 quokkas
  7 frilled lizards
  2 jackal zombies (D:5)
  6 kobolds
  A leopard gecko skeleton (D:4)
  3 rats (D:2)
135 creatures vanquished.

Vanquished Creatures (others)
  2 goblins (D:4)
2 creatures vanquished.

Grand Total: 137 creatures vanquished

Notes
Turn   | Place    | Note
-------+----------+-------------------------------------------
     0 | D:1      | ragingrage the Demigod Wanderer began the quest for the
                  | Orb.
     0 | D:1      | ragingrage set off with the following items: a +2 dagger, 2
                  | curare-tipped darts, a potion of curing, a scroll of
                  | teleportation, a +0 robe
     0 | D:1      | Reached XP level 1. HP: 19/19 MP: 3/3
   408 | D:1      | Reached skill level 4 in Fighting
   504 | D:1      | Reached XP level 2. HP: 27/27 MP: 4/4
  1046 | D:2      | Reached XP level 3. HP: 34/34 MP: 5/5
  1146 | D:2      | Reached skill level 5 in Fighting
  1452 | D:2      | Reached XP level 4. HP: 39/42 MP: 6/6
  1580 | D:3      | Found a runed translucent door.
  1613 | D:3      | Noticed a bullfrog
  1613 | D:3      | Noticed ragingrage's ghost (amateur DgWn)
  1683 | D:3      | Found a broken altar of Ashenzari.
  1809 | D:3      | Found a runed translucent door.
  1934 | D:3      | Noticed Robin
  1981 | D:3      | Killed Robin
  2234 | D:3      | You fall into a shaft and drop 2 floors!
  2234 | D:5      | Entered Level 5 of the Dungeon
  2397 | D:5      | Reached XP level 5. HP: 48/48 MP: 7/7
  2403 | D:5      | Found a hide-covered altar of Uskayaw.
  2415 | D:5      | Noticed a centaur
  2435 | D:5      | Killed a centaur
  2563 | D:5      | Noticed an ogre
  2569 | D:5      | HP: 2/48 [ogre/+0 giant club (23)]
  2671 | D:6      | Noticed an orc warrior
  2688 | D:5      | Killed an ogre
  2689 | D:5      | Reached skill level 5 in Throwing
  2689 | D:5      | Reached XP level 6. HP: 18/56 MP: 8/8
  2986 | D:5      | Found Kolug's Gadget Shop.
  3027 | D:4      | Reached XP level 7. HP: 43/62 MP: 9/9
  3064 | D:4      | Found a sacrificial altar of Ru.
  3266 | D:3      | Noticed Natasha
  3276 | D:3      | Killed Natasha
  3472 | D:3      | Noticed Natasha
  3484 | D:3      | Killed Natasha
  3485 | D:3      | Reached skill level 6 in Fighting
  3606 | D:4      | Found a blossoming altar of Fedhas.
  3698 | D:4      | Found a snail-covered altar of Cheibriados.
  3787 | D:4      | Found a blossoming altar of Fedhas.
  3838 | D:4      | Noticed Ijyb
  3864 | D:4      | Noticed Ijyb
  3864 | D:4      | Ijyb changed into Ijyb the swamp drake
  3895 | D:4      | Killed Ijyb the swamp drake
  4695 | D:5      | Found an ancient bone altar of Kikubaaqudgha.
  5118 | D:6      | Reached XP level 8. HP: 70/71 MP: 10/10
  5894 | D:6      | Reached skill level 1 in Axes
  6443 | D:7      | Reached skill level 7 in Fighting
  6713 | D:7      | HP: 3/73 [poisoned by a killer bee]
  6713 | D:7      | HP: 1/73 [killer bee (2)]
  6714 | D:7      | Gained mutation: Potions are less effective at restoring
                  | your health. [potion of mutation]
  6714 | D:7      | Gained mutation: You are dopey. (Int -2) [potion of
                  | mutation]
  6714 | D:7      | Gained mutation: You are partially covered in thin metallic
                  | scales. (AC +2) [potion of mutation]
  6714 | D:7      | Succumbed to a killer bee's poison

Illustrated notes

Levels and vault maps discovered:
D:1:      ebering_trefoil_3fold, layout_basic
D:2:      layout_basic
D:3:      layout_loops_corners, general_overflow_altar, ebering_ghost_sewer_f,
          uniq_robin, uniq_natasha
D:4:      kennysheep_the_goblin_king, layout_basic, overflow_temple_1_default,
          lemuel_doored_altar, fedhas_altar_fruit_tree, kennysheep_small_circle
D:5:      layout_basic, kennysheep_vampire_church, serial_shops, shop,
          serial_glass, glass_columns_b, glass_columns_a, basic_altar
D:6:      layout_layer_cave, serial_glass, glass_columns_a, glass_columns_c,
          minmay_misc_feat_nine_boxes
D:7:      kennysheep_steamy, layout_basic, minmay_temple_entry_poolview,
          enter_bailey_3

Skill      XL: |  1  2  3  4  5  6  7  8 |
---------------+-------------------------+-----
Fighting       | 4 5 6 7 |  7.3
Throwing       | 3 5 6 |  6.3
Armour         | 4 |  4.5
Axes           | 3 |  3.3
Staves         | |  1.0
Stealth        | |  1.7
Unarmed Combat | |  1.0

Action                   |  1- 3 |  4- 6 |  7- 9 || total
-------------------------+-------+-------+-------++-------
Melee: Dagger            |   137 |   186 |   379 ||   702
       Punch             |     1 |     1 |     1 ||     3
       Unarmed           |       |     3 |     2 ||     5
       War axe           |       |       |    40 ||    40
Throw: Javelin           |       |    11 |       ||    11
       Dart              |       |     6 |    15 ||    21
Evoke: Wand              |       |       |     1 ||     1
  Use: Potion            |       |     1 |     6 ||     7
       Scroll            |       |       |    10 ||    10
 Stab: Sleeping          |     3 |       |       ||     3
       Invisible         |       |       |     3 ||     3
Armor: Robe              |     5 |       |       ||     5
       Ring mail         |    44 |       |       ||    44
       Chain mail        |     1 |   110 |       ||   111
       Scale mail        |       |       |   291 ||   291
       Skin              |       |       |    10 ||    10
Dodge: Dodged            |    79 |    67 |   258 ||   404
